Endvenger, chaotic male elven Ranger ------------ |<|.....|..-- |^|.....|...| |.|-.......-| |.||...0|...| |.|---.-|..>| |.| |.|--.-- |.| |.|--.--- |.----.--....| |0@..........| |u.------....| ---- |...-- ----- Endvenger the Trailblazer Experience level: 7 Strength: 18 Dexterity: 12 Constitution: 15 Intelligence: 15 Wisdom: 13 Charisma: 8 Health: 0(42) Energy: 41(41) AC: 10 Gold: 1849 Moves: 3772 Your Inventory: Coins $ - 1849 gold pieces Weapons a - a blessed +2 elven dagger (weapon in hand) b - an uncursed +1 elven bow (alternate weapon; not wielded) c - 46 blessed +2 elven arrows (in quiver) d - 30 uncursed +0 elven arrows y - a [blessed +1] trident Armor C - an [uncursed +0] pair of hard shoes [iron] M - a [cursed -4] hooded cloak [dwarvish] Comestibles f - 4 uncursed lembas wafers u - 3 [uncursed] food rations O - 2 [uncursed] slime molds P - 2 [uncursed] candy bars Scrolls G - an [uncursed] scroll labeled VERR YED HORRE [of genocide] I - an [uncursed] scroll labeled GARVEN DEH [of charging] Q - an [uncursed] scroll called earth [of earth] R - a [blessed] scroll called earth [of earth] Spellbooks J - an [uncursed faint] spellbook of stone to flesh Potions r - 2 [uncursed] icy potions [of sickness] N - 2 [uncursed] bubbly potions [of object detection] Rings w - a [cursed] jade ring [of hunger] D - an [uncursed] chrysoberyl ring [of teleport control] Wands p - an [uncursed] wand of cold [0:5] Tools i - a [blessed magic] lamp m - an [uncursed] credit card o - an [uncursed] tin opener q - an [uncursed] leash A - an [uncursed] magic whistle B - an [uncursed] leash E - an [uncursed] credit card Gems g - an [uncursed] yellow gem [worthless glass] j - an [uncursed] green gem [worthless glass] z - 3 [uncursed] violet gems [fluorite] H - an [uncursed] yellowish brown gem [amber] K - an [uncursed] blue gem [worthless glass] Spells known in the end: Name Level Category Fail Memory a - stone to flesh 3 healing 100% [||||||||] Your skills at the end: Fighting Skills Weapon Skills dagger [Basic / Expert] bow [Basic / Expert] Spellcasting Skills Final Attributes: You were piously aligned. Hunger level was 75. Your alignment was 28 / 28. Monster difficulty range was 0 - 6. Level difficulty was 5. You were immune to sleep. You saw invisible. You were telepathic. You had automatic searching. You had infravision. You were stealthy. Your luck was zero. You are dead. Vanquished creatures: a blue jelly a wood nymph an orc shaman a rock mole a yellow light a violet fungus a giant ant a little dog 2 floating eyes 2 dwarves 2 rothes a centipede 2 giant bats 2 dwarf zombies an iguana a coyote 2 hobbits 2 manes a giant rat a brown mold 2 yellow molds 2 red molds a garter snake 6 geckos 4 jackals a fox 3 goblins 2 sewer rats 2 grid bugs 3 bats 3 lichens 4 newts 60 creatures vanquished. Voluntary challenges: You were an atheist. You used a wielded weapon 58 times. You read items or engraved 8 times. You put on armor 1 time. You were wearing only elven armor. You never genocided any monsters. You never polymorphed an object. You never changed form. You used no wishes. You never wrote Elbereth's name. You never encountered a bones level. You never used any Sokoban shortcuts. Dungeon overview: The Dungeons of Doom: levels 1 to 6 Level 1 some fountains a long staircase Level 2 a general store, a fountain a long staircase Level 4 an altar, a fountain Level 5 many fountains Level 6 some fountains stairs to Sokoban Sokoban: Level 5 <- You were here stairs to The Dungeons of Doom History has recorded: On T:1 you entered the Dungeons of Doom to retrieve the Amulet of Yendor! On T:391 you reached level 2 of The Dungeons of Doom. On T:410 you advanced to experience level 2. On T:493 you advanced to experience level 3. On T:1192 you advanced to experience level 4. On T:1723 you reached level 3 of The Dungeons of Doom. On T:2322 you reached level 4 of The Dungeons of Doom. On T:2338 you advanced to experience level 5. On T:2605 you reached level 5 of The Dungeons of Doom. On T:2674 you advanced to experience level 6. On T:2963 you reached level 6 of The Dungeons of Doom. On T:3318 you reached level 3 of Sokoban. On T:3678 you advanced to experience level 7. Latest messages: You hit the violet fungus! You kill the violet fungus! Welcome to experience level 7. You feel stealthy! [HP+3=42] With great effort you move the boulder. (2x) You try to move the boulder, but in vain. You are beginning to feel hungry. With great effort you move the boulder. You try to move the boulder, but in vain. The boulder fills a pit. With great effort you move the boulder. You try to move the boulder, but in vain. With great effort you move the boulder. The gray unicorn butts! The gray unicorn kicks! The gray unicorn butts! The gray unicorn kicks! [HP-29=13] You hit the gray unicorn! The gray unicorn butts! The gray unicorn kicks! The gray unicorn butts! You die... Final status: Goodbye Endvenger the Ranger... You died in Sokoban on dungeon level 5 with 4121 points, and 1849 pieces of gold, after 3772 moves. You were level 7 with a maximum of 42 hit points when you died.